 Dungeon Crawl Stone Soup version 0.22-a0-433-gd2a9cce (webtiles) character file.

30910 nikopol the Eclecticist (level 13, 0/66 HPs)
             Began as a Deep Elf Fire Elementalist on May 28, 2018.
             Was an Elder of Vehumet.
             Slain by a four-headed hydra (11 damage)
             ... on level 5 of the Lair of Beasts.
             The game lasted 01:08:12 (16761 turns).

nikopol the Eclecticist (DEFE)                     Turns: 16761, Time: 01:08:12

Health: 0/66       AC:  6    Str:  5    XL:     13   Next: 23%
Magic:  44/44      EV: 15    Int: 26    God:    Vehumet [****..]
Gold:   1403       SH:  5    Dex: 15    Spells: 25/44 levels left

rFire    + . .     SeeInvis .   w - staff of fire
rCold    . . .     Gourm    +   b - +0 buckler
rNeg     . . .     Faith    .   H - +2 robe {Archmagi}
rPois    +         Spirit   .   M - +0 helmet
rElec    .         Reflect  .   (no cloak)
rCorr    .         Harm     .   (no gloves)
MR       ++...                  d - +0 pair of boots
Stlth    ++++......             h - amulet of the gourmand
HPRegen  0.21/turn              J - ring "Oxzew" {rPois MR+}
MPRegen  0.29/turn              G - ring of Ygobof {MP+9 Stlth+}

@: about to teleport
A: no striking features
a: Renounce Religion


You were on level 5 of the Lair of Beasts.
You worshipped Vehumet.
Vehumet was greatly pleased with you.
You were very full.

You visited 3 branches of the dungeon, and saw 16 of its levels.

You collected 1403 gold pieces.

Inventory:

Hand Weapons
 t - the +10 whip of Judgement {flame, *Rage Str+5 Int+5}
   (You found it on level 4 of the Dungeon)

   It has been specially enchanted to burn those struck by it, causing extra
   injury to most foes and up to half again as much damage against particularly
   susceptible opponents.
   It affects your strength (+5).
   It affects your intelligence (+5).
   It may make you go berserk in combat.
Armour
 a - a +0 robe
 b - a +0 buckler (worn)
 d - a +0 pair of boots (worn)
 H - a +2 robe of the Archmagi (worn)
 M - a +0 helmet (worn)
Magical Staves
 w - an uncursed staff of fire (weapon)
 R - an uncursed staff of summoning {unknown}
 U - an uncursed staff of poison {unknown}
Jewellery
 e - an uncursed ring of protection from magic
 h - an amulet of the gourmand (around neck)
 n - an uncursed ring of protection from fire
 p - an uncursed ring of wizardry
 A - an uncursed ring of poison resistance
 E - an uncursed ring of stealth
 G - the ring of Ygobof (right hand) {MP+9 Stlth+}
   (You took it off an orc on level 9 of the Dungeon)

   [ring of magical power]

   It affects your magic capacity (+9).
   It makes you more stealthy.
 J - the ring "Oxzew" (left hand) {rPois MR+}
   (You found it on level 1 of the Lair of Beasts)

   [ring of protection from magic]

   It protects you from poison.
   It affects your resistance to hostile enchantments.
 Q - a +4 ring of intelligence
Wands
 q - a wand of acid (8)
 x - a wand of paralysis (11)
 y - a wand of random effects (32)
 C - a wand of flame (34)
 N - a wand of iceblast (11)
 O - a wand of enslavement (6)
Scrolls
 f - a scroll of immolation
 g - 3 scrolls of fog
 i - 2 scrolls of enchant armour {unknown}
 m - 6 scrolls of remove curse
 o - a scroll of summoning {unknown}
 u - a scroll of teleportation
 B - a scroll of amnesia
 I - 2 scrolls of fear {unknown}
 K - 3 scrolls of identify
 L - 2 scrolls of enchant weapon
Potions
 j - a potion of resistance
 k - 2 potions of brilliance
 l - 2 potions of flight
 r - 3 potions of agility
 s - 8 potions of curing
 v - 2 potions of cancellation
 z - a potion of magic
 D - a potion of mutation
 F - a potion of invisibility {unknown}
 P - a potion of might {unknown}
 S - a potion of lignification {unknown}
Comestibles
 c - 18 rations


   Skills:
 + Level 1.8 Fighting
 + Level 5.8 Dodging
 + Level 5.2 Stealth
 + Level 4.2 Shields
 + Level 16.0 Spellcasting
 + Level 12.8 Conjurations
 + Level 13.2 Fire Magic
 + Level 0.1 Ice Magic


You had 25 spell levels left.
You knew the following spells:

 Your Spells              Type           Power        Failure   Level  Hunger
a - Flame Tongue          Conj/Fire      #####        0%          1    None
b - Throw Flame           Conj/Fire      ######       0%          2    None
c - Conjure Flame         Conj/Fire      ########     1%          3    None
d - Sticky Flame          Conj/Fire      ########     1%          4    None
e - Fireball              Conj/Fire      ########..   1%          5    None
f - Throw Icicle          Conj/Ice       ######..     1%          4    None

Your spell library contained the following spells:

 Spells                   Type           Power        Failure   Level  Hunger
 Apportation              Tloc           ####..       2%          1    None
 Throw Frost              Conj/Ice       ######       1%          2    None
 Summon Small Mammal      Summ           ####         2%          1    None
 Animate Dead             Necr           N/A          24%         4    None
 Pain                     Necr           ####         2%          1    None
 Animate Skeleton         Necr           N/A          2%          1    None
 Vampiric Draining        Necr           ####......   8%          3    None
 Freeze                   Ice            ####         1%          1    None
 Summon Ice Beast         Ice/Summ       ####....     24%         4    None
 Ozocubu's Armour         Chrm/Ice       ####....     7%          3    None
 Regeneration             Chrm/Necr      ####......   8%          3    None
 Spider Form              Tmut/Pois      ####......   8%          3    None
 Blade Hands              Tmut           ####......   56%         5    None
 Ice Form                 Ice/Tmut       ####....     24%         4    None
 Confusing Touch          Hex            ####..       2%          1    None
 Sticks to Snakes         Tmut           ####....     3%          2    None
 Inner Flame              Hex/Fire       #######.     1%          3    None
 Beastly Appendage        Tmut           ####..       2%          1    None


Dungeon Overview and Level Annotations

Branches:
Dungeon (9/15)             Temple (1/1) D:5            Lair (6/6) D:9
 Shoals (0/4) Lair:2       Spider (0/4) Lair:4
  Slime: Lair:5-6       Orc: D:9-12

Altars:
Ashenzari
Cheibriados
Dithmenos
Elyvilon
Fedhas
Gozag
Hepliaklqana
Kikubaaqudgha
Makhleb
Nemelex Xobeh
Okawaru
Qazlal
Ru
Sif Muna
Trog
Uskayaw
Vehumet
Wu Jian
Xom
Yredelemnul
Zin
The Shining One
Jiyva

Shops:
D:6 =


Message History

The four-headed hydra bites you but does no damage.
The four-headed hydra closely misses you.
The four-headed hydra bites you but does no damage.
The four-headed hydra bites you!
You block the four-headed hydra's attack.
The four-headed hydra completely misses you.
There is a stone staircase leading up here.
The four-headed hydra barely misses you.
The four-headed hydra bites you!
The four-headed hydra completely misses you.
The four-headed hydra bites you!
You climb upwards.
There is a stone staircase leading down here.
As you read the scroll of teleportation, it crumbles to dust.
You feel strangely unstable. The four-headed hydra bites you!
* * * LOW HITPOINT WARNING * * *
The four-headed hydra bites you!
* * * LOW HITPOINT WARNING * * *
The four-headed hydra bites you!
You die...

#..........#..P..#.####.....
##..........#####.###.#.....
#...........###P.P#.#......
##...............P..........
#...........................
##..........................
#....<......................
##..........>...............
#..(.....D@......P.........
###.....<..#P##.#...P.#...P..
#.#........######.#P#.####...
##........(.# ####### #...
##.........## ##..
#..........## ##..
##..........# ##...
#.#........## #P.#.
###........# ####.


You could see a four-headed hydra.

Vanquished Creatures
  2 hydras
  3 two-headed ogres
  A death yak (Lair:6)
  The ghost of Totori the Skirmisher, a novice DsSk of Uskayaw (D:6)
  Joseph (Lair:1)
  6 elephants (Lair:3)
  2 black mambas (Lair:6)
  11 spiny frogs
  4 komodo dragons
  A rime drake (Lair:4)
  2 trolls
  2 jumping spiders (Lair:4)
  3 polar bears
  4 merfolk (Lair:2)
  6 hippogriffs
  22 blink frogs
  4 wyverns
  25 yaks
  3 basilisks
  A hungry ghost (D:8)
  The ghost of MisterFreud the Spear-Bearer, an amateur MfGl (D:3)
  Menkaure (D:4)
  16 water moccasins
  7 porcupines
  3 ice beasts
  3 orc warriors
  2 sky beasts
  A black bear (D:6)
  A phantom (D:8)
  2 centaurs
  A necrophage (D:9)
  5 ogres
  A wolf (D:9)
  6 crocodiles
  10 bullfrogs
  4 scorpions
  7 killer bees
  A howler monkey (D:6)
  An electric eel (D:9)
  A centaur zombie (D:6)
  7 crimson imps
  A water moccasin simulacrum (D:9)
  3 jellies
  5 hounds
  An orc priest (D:5)
  An orc wizard (D:9)
  2 bullfrog skeletons
  A gnoll shaman (D:4)
  2 iguanas
  10 worker ants
  The ghost of Mgcat the Chopper, a weakling HOBe of Trog (D:4)
  14 adders
  7 gnolls
  3 shadow imps (D:8)
  4 white imps (D:9)
  A howler monkey simulacrum (D:9)
  A worker ant simulacrum (D:9)
  2 ufetubi (D:9)
  An ooze (D:2)
  2 adder zombies
  2 adder skeletons
  2 worms (D:2)
  A dart slug (D:3)
  6 leopard geckos
  18 orcs
  3 ball pythons
  6 giant cockroaches
  4 hobgoblins
  9 quokkas
  11 bats
  9 frilled lizards
  20 goblins
  A goblin skeleton (D:8)
  4 hobgoblin zombies (D:8)
  5 kobolds
  2 kobold skeletons (D:8)
  A kobold zombie (D:8)
  A leopard gecko skeleton (D:7)
  2 orc skeletons (D:8)
  An orc zombie (D:8)
  7 rats
  A spectral orc (D:8)
  A bush (Lair:4)
  5 fungi
369 creatures vanquished.

Vanquished Creatures (others)
  3 fungi (Lair:4)
  3 plants (Lair:4)
6 creatures vanquished.

Grand Total: 375 creatures vanquished

Notes
Turn   | Place    | Note
-------+----------+-------------------------------------------
     0 | D:1      | nikopol the Deep Elf Fire Elementalist began the quest for the Orb.
     0 | D:1      | Reached XP level 1. HP: 10/10 MP: 6/6
   148 | D:1      | Reached XP level 2. HP: 15/15 MP: 5/8
   660 | D:2      | Reached XP level 3. HP: 19/19 MP: 7/10
  1144 | D:2      | Learned a level 2 spell: Throw Flame
  1148 | D:2      | Learned a level 3 spell: Conjure Flame
  1251 | D:2      | Reached XP level 4. HP: 24/24 MP: 0/11
  1488 | D:2      | Reached skill level 1 in Shields
  1585 | D:2      | Found a deep blue altar of Sif Muna.
  1816 | D:3      | Reached skill level 4 in Spellcasting
  1880 | D:3      | Noticed MisterFreud's ghost (amateur MfGl)
  1895 | D:2      | Learned a level 4 spell: Sticky Flame
  2026 | D:3      | Reached XP level 5. HP: 26/28 MP: 7/13
  2078 | D:3      | Noticed an ogre
  2102 | D:3      | Killed an ogre
  2233 | D:3      | Found a shattered altar of Ashenzari.
  2442 | D:3      | Reached XP level 6. HP: 32/32 MP: 10/15
  2681 | D:3      | Killed MisterFreud's ghost
  2681 | D:3      | Reached skill level 5 in Spellcasting
  2681 | D:3      | Reached skill level 5 in Fire Magic
  2692 | D:3      | Learned a level 5 spell: Fireball
  2971 | D:4      | Found a snail-covered altar of Cheibriados.
  3201 | D:4      | Found a burning altar of Makhleb.
  3210 | D:4      | Got a pitted whip
  3211 | D:4      | Identified the +10 whip of Judgement {flame, *Rage Str+5 Int+5} (You found it on level 4 of the Dungeon)
  3264 | D:4      | Reached XP level 7. HP: 32/36 MP: 9/17
  4068 | D:4      | Noticed Mgcat's ghost (weakling HOBe)
  4093 | D:4      | Killed Mgcat's ghost
  4267 | D:4      | Noticed Menkaure
  4273 | D:4      | Killed Menkaure
  4273 | D:4      | Reached skill level 6 in Spellcasting
  4337 | D:4      | Found an iron altar of Okawaru.
  4695 | D:5      | Entered Level 5 of the Dungeon
  4842 | D:5      | Reached skill level 5 in Conjurations
  4842 | D:5      | Reached XP level 8. HP: 31/41 MP: 12/19
  5048 | D:5      | Reached skill level 7 in Spellcasting
  5301 | D:5      | Found an ancient bone altar of Kikubaaqudgha.
  5623 | D:5      | Found a hazy altar of Hepliaklqana.
  5696 | D:5      | Found a staircase to the Ecumenical Temple.
  5701 | Temple   | Entered the Ecumenical Temple
  5928 | D:6      | Noticed Totori's ghost (novice DsSk)
  5938 | D:6      | Noticed a two-headed ogre
  5982 | D:6      | Killed a two-headed ogre
  5982 | D:6      | Reached skill level 8 in Spellcasting
  5982 | D:6      | Reached XP level 9. HP: 46/46 MP: 6/23
  6296 | D:6      | Killed Totori's ghost
  6296 | D:6      | Reached skill level 9 in Spellcasting
  6813 | D:6      | Found Hinaun's Jewellery Shop.
  6937 | D:6      | Noticed a two-headed ogre
  6960 | D:6      | Noticed a troll
  6983 | D:6      | Killed a two-headed ogre
  6983 | D:6      | Reached skill level 1 in Fighting
  6983 | D:6      | Reached skill level 10 in Spellcasting
  6994 | D:6      | Killed a troll
  6994 | D:6      | Reached XP level 10. HP: 52/52 MP: 7/26
  8509 | D:8      | Found a white marble altar of Elyvilon.
  8646 | D:8      | Found a glowing golden altar of the Shining One.
  8910 | D:8      | Reached skill level 11 in Spellcasting
  8958 | D:8      | Found a burning altar of Makhleb.
  8965 | D:8      | Learned a level 4 spell: Throw Icicle
  8968 | D:8      | Found a radiant altar of Vehumet.
  8975 | D:8      | Became a worshipper of Vehumet
  9080 | D:8      | Found a stormy altar of Qazlal.
  9111 | D:8      | Found a sacrificial altar of Ru.
  9191 | D:8      | Noticed a two-headed ogre
  9205 | D:8      | Killed a two-headed ogre
  9538 | D:8      | Reached skill level 10 in Fire Magic
  9585 | D:8      | Found a basalt altar of Yredelemnul.
  9813 | D:9      | Reached * piety under Vehumet
  9813 | D:9      | Offered knowledge of Magic Dart by Vehumet.
 10116 | D:9      | Reached skill level 12 in Spellcasting
 10132 | D:9      | Got a steaming jade ring
 10252 | D:9      | Found a shadowy altar of Dithmenos.
 10309 | D:9      | Found a staircase to the Lair.
 10314 | D:9      | Reached XP level 11. HP: 56/56 MP: 14/29
 10599 | D:9      | Offered knowledge of Shock by Vehumet.
 10935 | D:9      | Identified the ring of Ygobof {MP+9 Stlth+} (You took it off an orc on level 9 of the Dungeon)
 10992 | Lair:1   | Entered Level 1 of the Lair of Beasts
 11163 | Lair:1   | Reached ** piety under Vehumet
 11248 | Lair:1   | Got a smoking iron ring
 11257 | Lair:1   | Identified the ring "Oxzew" {rPois MR+} (You found it on level 1 of the Lair of Beasts)
 11354 | Lair:1   | Reached skill level 10 in Conjurations
 11656 | Lair:1   | Reached skill level 13 in Spellcasting
 11659 | Lair:1   | Noticed Joseph
 11730 | Lair:1   | Killed Joseph
 11754 | Lair:1   | Noticed a seven-headed hydra
 11763 | Lair:1   | Killed a seven-headed hydra
 12974 | Lair:2   | Found a staircase to the Shoals.
 13145 | Lair:3   | Reached skill level 5 in Dodging
 13314 | Lair:3   | Reached skill level 14 in Spellcasting
 13314 | Lair:3   | Reached XP level 12. HP: 52/61 MP: 20/32
 13374 | Lair:3   | Offered knowledge of Stone Arrow by Vehumet.
 13585 | Lair:3   | Reached skill level 5 in Stealth
 14144 | Lair:3   | Reached *** piety under Vehumet
 14893 | Lair:4   | Found a hole to the Spider Nest.
 14933 | Lair:4   | Reached skill level 15 in Spellcasting
 14940 | Lair:4   | Offered knowledge of Ignite Poison by Vehumet.
 16005 | Lair:6   | Entered Level 6 of the Lair of Beasts
 16010 | Lair:5   | Reached **** piety under Vehumet
 16209 | Lair:6   | Offered knowledge of Dazzling Spray by Vehumet.
 16215 | Lair:6   | Noticed a five-headed hydra
 16218 | Lair:6   | Killed a five-headed hydra
 16218 | Lair:6   | Reached XP level 13. HP: 65/65 MP: 20/34
 16635 | Lair:6   | Reached skill level 16 in Spellcasting
 16761 | Lair:5   | Slain by a four-headed hydra

Vault maps used:
D:1:      dpeg_arrival_tiny_d, minmay_misc_feat_rows
D:2:      led_sif_pool
D:3:      nicolae_overflow_crystal_walls
D:4:      okawaru_metal_pillars_1_2, cheibriados_altar_1, bloody_makhleb,
          uniq_menkaure
D:5:      lemuel_doored_altar, kiku_gazebo_pond_becter, temple_doors_ab,
          first_ration
D:6:      minmay_klotski, serial_shops, nicolae_shop_trees
D:8:      grunt_temple_overflow_lords_of_destruction,
          yredelemnul_forgotten_temple_becter, nicolae_ru_awakened_eye,
          elyvilon_altar_5, lemuel_crystal_altar, nicolae_tso_besieged_by_evil
D:9:      kennysheep_mini_moat, grunt_lair_entry_orc_guard_hut, serial_ice,
          serial_ice_d, serial_ice_b, serial_ice_g, serial_ice_j
Temple:   pf_slimified_temple
Lair:1:   serial_forest, infiniplex_forest_clump_curved,
          infiniplex_forest_lined_corner, infiniplex_forest_zigzag_1,
          infiniplex_forest_lined_2, infiniplex_forest_lined_ring,
          infiniplex_forest_clump_double, uniq_joseph
Lair:2:   elwin_shoals_entry_stream, minmay_hedge_maze
Lair:3:   small_statue_intersection, grunt_megastairs_1
Lair:4:   spider_nest_entry_a, st_stairs_12, patterned_corridor
Lair:6:   evilmike_catoblepas_cave, slime_altar_2, grunt_megastairs_5

Skill      XL: |  1  2  3  4  5  6  7  8  9 10 11 12 13 |
---------------+----------------------------------------+-----
Fire Magic     | 4 5 6 8 10 11 12 13 | 13.2
Conjurations   | 2 3 4 5 6 7 9 11 12 | 12.8
Shields        | 1 2 3 4 |  4.2
Spellcasting   | 4 5 6 8 10 12 14 15 16 | 16.0
Stealth        | 3 4 5 |  5.2
Dodging        | 3 4 5 |  5.8
Fighting       | 1 |  1.8
Ice Magic      | |  0.1

Action                   |  1- 3 |  4- 6 |  7- 9 | 10-12 | 13-15 || total
-------------------------+-------+-------+-------+-------+-------++-------
Melee: Whip              |       |       |    16 |    27 |       ||    43
       Staff             |       |       |       |     2 |       ||     2
 Cast: Flame Tongue      |    79 |   107 |   115 |   254 |    16 ||   571
       Conjure Flame     |     1 |     4 |     4 |     5 |       ||    14
       Sticky Flame      |       |     1 |    17 |    71 |     5 ||    94
       Throw Flame       |       |     1 |     4 |    34 |       ||    39
       Fireball          |       |       |     9 |   103 |    13 ||   125
       Throw Icicle      |       |       |       |     2 |       ||     2
  Use: Scroll            |       |       |    10 |    12 |     1 ||    23
       Potion            |       |       |     1 |     1 |       ||     2
  Eat: Chunk             |     1 |     6 |     6 |    45 |       ||    58
       Ration            |       |       |     2 |       |       ||     2
Armor: Robe              |     2 |     2 |     4 |    13 |     4 ||    25
Dodge: Dodged            |    13 |    11 |    39 |    65 |    16 ||   144
Block: Buckler           |       |     5 |    14 |    15 |     6 ||    40

Table legend:
 A = Spawn XP
 B = Non-spawn XP
 C = Spawn XP percentage of total XP
 D = Spawn monster count
 E = Non-spawn monster count
 F = Spawn count percentage of total count
 G = Total turns spent on level
                    A         B        C        D         E        F      G
               +---------+---------+-------+---------+---------+-------+---------
         Total |       0 |   44158 |   0.0 |       0 |     363 |   0.0 | 16761
               +---------+---------+-------+---------+---------+-------+---------
           D:1 |       0 |      37 |   0.0 |       0 |      25 |   0.0 |   658
           D:2 |       0 |     116 |   0.0 |       0 |      26 |   0.0 |  1250
           D:3 |       0 |     448 |   0.0 |       0 |      36 |   0.0 |  1614
           D:4 |       0 |     613 |   0.0 |       0 |      20 |   0.0 |  1173
           D:5 |       0 |     716 |   0.0 |       0 |      19 |   0.0 |  1639
           D:6 |       0 |    4392 |   0.0 |       0 |      36 |   0.0 |  1235
           D:7 |       0 |     781 |   0.0 |       0 |      11 |   0.0 |   834
           D:8 |       0 |    2483 |   0.0 |       0 |      38 |   0.0 |  1249
           D:9 |       0 |    2550 |   0.0 |       0 |      31 |   0.0 |  1236
        Lair:1 |       0 |    4381 |   0.0 |       0 |      16 |   0.0 |  1313
        Lair:2 |       0 |    2220 |   0.0 |       0 |       9 |   0.0 |  1333
        Lair:3 |       0 |    7606 |   0.0 |       0 |      26 |   0.0 |   867
        Lair:4 |       0 |    6947 |   0.0 |       0 |      32 |   0.0 |   915
        Lair:5 |       0 |    3450 |   0.0 |       0 |      16 |   0.0 |  1158
        Lair:6 |       0 |    7418 |   0.0 |       0 |      22 |   0.0 |   183
               +---------+---------+-------+---------+---------+-------+---------
